AoeStats
← Sab_Anubis

Northern Isles

510624314Analyzed
1v1 RM · 1d ago on Oct 1, 2026· 32m 14s· 2 players
Game mode
Random Map
Map size
Tiny (2 player)
Population
200
Speed
Normal
Resources
Standard
Victory
Conquest
Starting age
Dark Age
Ending age
Imperial Age
RankedLock teamsTeams togetherTeam positionsShared explorationLock speedFull tech treeHidden civsTurbo modeCheats
Victory
Defeat
🇷🇺 Spanish · Russia
937
+15
🇨🇦 Portuguese · Canada
906
-15
isaacetric
7:01 Loom
9:28 Feudal Age
10:25 Town Watch
14:28 Fletching
17:33 Padded Archer Armor
28:15 Scale Mail Armor
28:25 Forging
28:25 Man-at-Arms
30:12 Arson
Sab_Anubis
10:59 Feudal Age
12:36 Wheelbarrow
12:47 Double-Bit Axe
16:06 Loom
17:19 Horse Collar
19:37 Man-at-Arms
23:39 Castle Age
23:21 Scale Barding Armor
30:29 Fletching
Connection lost

Rejoining the realm…

Still unreachable

The connection could not be restored.

Session expired

The server has moved on; the page needs a fresh start.